 Dungeon Crawl Stone Soup version 0.31.0-11-ge490571c62 (webtiles) character file.

Game seed: 966336909968340278

69 Ashen the Sneak (level 4, 0/24 (25) HPs)
             Began as a Vampire Enchanter on Feb 1, 2024.
             Slain by a hobgoblin (2 damage)
             ... on level 3 of the Dungeon.
             The game lasted 00:03:55 (1127 turns).

Ashen the Sneak (Vampire Enchanter)                 Turns: 1127, Time: 00:03:56

HP:   0/24 (25)     AC:  2    Str:  7    XL:     4   Next: 2%
MP:   7/7           EV:  7    Int: 21    God:
Gold: 31            SH:  0    Dex: 16    Spells: 5/7 levels left

rFire   . . .        a - +4 dagger of Bodily Humours {elec, rN+ Int+4}
rCold   + + .        (no shield)
rNeg    + + +        b - +0 robe
rPois   ∞            (no helmet)
rElec   .            (no cloak)
rCorr   .            (no gloves)
SInv    +            (no boots)
Will    .....        e - amulet of magic regeneration
Stlth   +++++        (no ring)
HPRegen 0.00/turn    (no ring)
MPRegen 0.50/turn

%: no passive effects
@: held, bloodless, inhibited regen, lightly drained
A: bloodless, fangs 3, see invisible, vampiric 2
a: Bat Form, Revivify


You were on level 3 of the Dungeon.
You visited 1 branch of the dungeon, and saw 3 of its levels.

You collected 31 gold pieces.

Inventory:

Hand Weapons
 a - the +4 dagger of Bodily Humours (weapon) {elec, rN+ Int+4}
   (You found it on level 2 of the Dungeon)

   Int+4:     It affects your intelligence (+4).
   rN+:       It protects you from negative energy.
 i - a +2 dagger of draining
Armour
 b - a +0 robe (worn)
Jewellery
 e - an amulet of magic regeneration (around neck)
Scrolls
 d - 2 scrolls of identify {unknown}
 g - a scroll of vulnerability {unknown}
 h - a scroll of poison {unknown}
Potions
 c - 2 potions of invisibility
 f - a potion of resistance {unknown}
 j - 2 potions of enlightenment {unknown}
 k - a potion of cancellation {unknown}
 l - a potion of might {unknown}


   Skills:
 + Level 1.1 Fighting
 + Level 2.0 Short Blades
 + Level 2.7 Dodging
 + Level 5.1 Stealth
 + Level 2.3 Spellcasting
 + Level 4.9 Hexes


You had 5 spell levels left.
You knew the following spells:

 Your Spells              Type           Power      Damage    Failure   Level
a - Ensorcelled Hibernat  Hex/Ice        24%        N/A       8%          2

Your spell library contained the following spells:

 Spells                   Type           Power      Damage    Failure   Level
 Confusing Touch          Hex            23%        N/A       5%          3
 Tukima's Dance           Hex            23%        N/A       5%          3
 Dazzling Flash           Conj/Hex       24%        N/A       16%         3


Dungeon Overview and Level Annotations

Branches:
Dungeon (3/15)

Altars:


Innate Abilities, Weirdness & Mutations

You do not regenerate when monsters are visible.
You are frail without blood (-20% HP).
You can heal yourself when you bite living creatures.
You are immune to poison.
You have razor-sharp teeth.
You have supernaturally acute eyesight. (SInv)
You are afflicted with vampirism and can become a bat while bloodless.


Message History

You have reached level 4!
A ribbon worm comes into view.
A hobgoblin comes into view.
The goblin shouts!
The hobgoblin shouts!
The goblin hits you with a +0 club.
You closely miss the goblin. The goblin hits you with a +0 club.
You hit the goblin.
You kill the goblin!
Things that are here:
a +0 club; a goblin corpse The hobgoblin hits you.
The ribbon worm expels a string of sticky webbing.
The stream of webbing misses you.
You hit the ribbon worm but do no damage.
The hobgoblin barely misses you.
You hit the ribbon worm. You bite the ribbon worm.
The ribbon worm is lightly wounded.
The ribbon worm bites you. The hobgoblin closely misses you.
You hit the ribbon worm.
The ribbon worm is lightly wounded.
The hobgoblin hits you.
The ribbon worm expels a string of sticky webbing.
The stream of webbing hits you but does no damage.
You are caught in a web!
You are too injured to fight recklessly!
You struggle to detach yourself from the web.
The hobgoblin hits you.
The web tears apart.
The ribbon worm bites you but does no damage.
The hobgoblin closely misses you.
You closely miss the hobgoblin.
The ribbon worm expels a string of sticky webbing.
The stream of webbing hits you but does no damage.
You are caught in a web!
The hobgoblin hits you.
* * * LOW HITPOINT WARNING * * *
You struggle to detach yourself from the web.
The ribbon worm bites you.
* * * LOW HITPOINT WARNING * * *
The hobgoblin hits you.
You die...

# .. #.# ##.. #.
#.#######...## #.####
###.#.....#..... #....
...............
#..###..##.............
##..)..# #.............
##..#######..)..........
#..####$.......)@g......
........###......w......
..########.......!......
...### #...#.!..........
##...###.####.....##....
###...#.# ####### ####
######.#.## ....(#....#
####....#....#


You could see a ribbon worm (catching breath) and a hobgoblin.

Vanquished Creatures
  3 adders
  A dart slug (D:3)
  A ribbon worm (D:3)
  An orc (D:3)
  5 ball pythons
  5 endoplasms
  6 goblins
  A hobgoblin (D:2)
  A quokka (D:3)
  2 bats (D:2)
  A frilled lizard (D:2)
  7 kobolds
  2 rats
36 creatures vanquished.

Notes
Turn   | Place    | Note
-------+----------+-------------------------------------------
     0 | D:1      | Ashen the Vampire Enchanter began the quest for the Orb.
     0 | D:1      | Reached XP level 1. HP: 13/13 MP: 3/3
    84 | D:1      | You fall into a shaft and drop 1 floor!
   249 | D:2      | Reached XP level 2. HP: 8/20 MP: 5/5
   252 | D:2      | Learned a level 2 spell: Ensorcelled Hibernation
   313 | D:2      | Gained mutation: You are afflicted with vampirism and can
                  | become a bat while bloodless. [Vampire growth]
   313 | D:2      | Reached XP level 3. HP: 23/25 MP: 1/6
   745 | D:2      | Reached skill level 1 in Fighting
   785 | D:2      | Identified the +4 dagger of Bodily Humours {elec, rN+
                  | Int+4}
  1031 | D:3      | Reached skill level 5 in Stealth
  1115 | D:3      | Reached XP level 4. HP: 24/24 MP: 7/7
  1127 | D:3      | Slain by a hobgoblin

Illustrated notes

Levels and vault maps discovered:
D:1:      giann_wishing_wells, layout_basic, serial_shops, shop_statue
D:2:      layout_basic, minmay_between
D:3:      layout_rooms, old_standard_altar, st_stairs_8

Skill      XL: |  1  2  3 |
---------------+----------+-----
Fighting       | 1 |  1.1
Short Blades   | 2 |  2.0
Stealth        | 5 |  5.1
Dodging        | |  2.7
Spellcasting   | |  2.3
Hexes          | |  4.9

Action                     |  1- 3 |  4- 6 || total
---------------------------+-------+-------++-------
  Melee: Dagger            |    99 |     6 ||   105
         Bite              |     9 |     1 ||    10
         Punch             |     2 |       ||     2
   Cast: Ensorcelled Hiber |     3 |       ||     3
Ability: Exsanguinate      |     1 |       ||     1
   Stab: Sleeping          |    11 |       ||    11
 Armour: Robe              |    33 |    10 ||    43
  Dodge: Dodged            |    44 |     4 ||    48
